 Dungeon Crawl Stone Soup version 0.18-a0-1576-g2b87869 (webtiles) character file.

159 Oddball22 the Grasshopper (level 4, 0/37 HPs)
             Began as a Demigod Warper on Mar 17, 2016.
             Succumbed to Bzzz's ghost's poison
             ... on level 3 of the Dungeon.
             The game lasted 00:09:26 (4205 turns).

Oddball22 the Grasshopper (Demigod Warper)          Turns: 4205, Time: 00:09:26

Health: 0/37       AC:  4    Str: 19    XL:     4   Next: 95%
Magic:  11/11      EV: 18    Int: 15    God:
Gold:   120        SH:  0    Dex: 22    Spells: 4 memorised, 1 level left

rFire  . . .     SeeInvis .     a - +0 hand axe
rCold  . . .     Gourm    .     b - +0 leather armour
rNeg   . . .     Faith    .     (no shield)
rPois  .         Spirit   .     (no helmet)
rElec  .         Dismiss  .     s - +0 cloak
rCorr  .         Reflect  .     (no gloves)
SustAt +         Harm     .     (no boots)
MR     .....                    (no amulet)
Stlth  +.........               (no ring)
                                (no ring)

@: confused, mighty, agile, lethally poisoned (0 -> -34), glowing, not resistant
to hostile enchantments, very unstealthy
A: dopey 1, high mp 1, mutation resistance 1, subdued magic 1, sustain
attributes
a: no special abilities


You were on level 3 of the Dungeon.
You were not hungry.

You visited 1 branch of the dungeon, and saw 3 of its levels.

You collected 120 gold pieces.

Inventory:

Hand Weapons
 a - a +0 hand axe (weapon)
Missiles
 e - 5 tomahawks of dispersal
 o - 2 throwing nets (quivered)
Armour
 b - a +0 leather armour (worn)
 s - a +0 cloak (worn)
Wands
 x - a wand of confusion (20/48)
Scrolls
 d - a scroll of blinking
 h - a scroll of recharging {unknown}
 i - 3 scrolls of amnesia {unknown}
 l - 2 scrolls of noise {unknown}
 m - a scroll of enchant armour {unknown}
 n - a scroll of identify {unknown}
 p - a scroll of magic mapping {unknown}
 r - a scroll of teleportation {unknown}
 w - a scroll of enchant weapon {unknown}
Books
 c - a book of Spatial Translocations

   Spells                             Type                      Level
   a - Apportation                    Translocation                1
   b - Blink                          Translocation                2
   c - Shroud of Golubria             Charms/Translocation         2
   d - Portal Projectile              Translocation                3
   e - Teleport Other                 Translocation                3
   f - Passage of Golubria            Translocation                4
Comestibles
 f - 2 bread rations
 k - 2 meat rations
 q - a fruit
 u - 4 chunks of flesh


   Skills:
 + Level 2.8 Fighting
 - Level 2.0 Axes
 - Level 1.0 Throwing
 - Level 1.1 Armour
 + Level 2.6 Dodging
 * Level 3.0 Spellcasting
 + Level 3.2 Translocations


You had one spell level left.
You knew the following spells:

 Your Spells              Type           Power        Failure   Level  Hunger
a - Apportation           Tloc           #.........   4%          1    #......
b - Blink                 Tloc           N/A          5%          2    ##.....
c - Shroud of Golubria    Chrm/Tloc      #.........   11%         2    ##.....
d - Teleport Other        Tloc           #.......     13%         3    ###....


Dungeon Overview and Level Annotations

Branches:
Dungeon (3/15)

Annotations:
D:3 Bzzz's ghost, amateur SpEn


Innate Abilities, Weirdness & Mutations

You have an increased reservoir of magic (+10% MP).
Your attributes are resistant to harm.
You are dopey. (Int -2)
You are somewhat resistant to further mutation.
Your spells are a little easier to cast, but a little less powerful.


Message History

You feel very sick.
Bzzz's ghost hits you but does no damage.
You are more poisoned.
You miss Bzzz's ghost.
Bzzz's ghost is almost destroyed.
* * * LOW HITPOINT WARNING * * *
You feel very sick.
Bzzz's ghost points at you and mumbles some strange words.
You are confused.
Drink which item? (? for menu, Esc to quit)
It was a potion of agility.
You feel agile all of a sudden.
* * * LOW HITPOINT WARNING * * *
You feel very sick. Bzzz's ghost barely misses you.
Drink which item? (? for menu, Esc to quit)
It was a potion of mutation.
You feel extremely strange.
You feel stupid.
Your connection to magic feels subdued.
You feel genetically stable.
You die...

...#g.#.(###.##.###.##......
#####...## #.##.##...####..#
#..## #.##.#.....###..#
#..#####.##........##..#
#....).................#
#.#####..###.......###.# #.# #..#
##.....####.# #.# #W##
##...###...# #.# #@# ##.## #.###
## #.# ###.# ### #.# #.. ...
..#.####### #.# #.# #.#
#.#.......# #.# #.# #.#
#.#.#####.# #.# ##.## #.# #.#.#
##.######.#
####...###.###.#.####.........##
........).(.(..(.......##.###..##
####...##.####...#####...(# #....


You could see Bzzz's ghost.

Vanquished Creatures
  An iguana (D:3)
  5 adders
  2 gnolls
  3 oozes
  2 worms (D:2)
  2 orcs (D:3)
  11 bats
  A giant cockroach (D:1)
  8 goblins
  4 hobgoblins
  2 quokkas (D:2)
  3 giant newts
  10 kobolds
  3 rats
57 creatures vanquished.

Notes
Turn   | Place    | Note
--------------------------------------------------------------
     0 | D:1      | Oddball22 the Demigod Warper began the quest for the Orb.
     0 | D:1      | Reached XP level 1. HP: 17/17 MP: 5/5
    42 | D:1      | Reached skill level 1 in Throwing
    42 | D:1      | Reached skill level 1 in Armour
   328 | D:1      | Reached XP level 2. HP: 14/24 MP: 7/7
   939 | D:1      | Learned a level 2 spell: Blink
   942 | D:1      | Learned a level 2 spell: Shroud of Golubria
  1228 | D:1      | Reached XP level 3. HP: 18/29 MP: 8/8
  1502 | D:2      | Found a shadowy altar of Dithmenos.
  2878 | D:2      | Reached XP level 4. HP: 6/37 MP: 10/10
  3512 | D:3      | Found an opulent altar of Gozag.
  3724 | D:3      | Learned a level 3 spell: Teleport Other
  3735 | D:3      | Noticed an ice beast
  3968 | D:3      | Found a bloodstained altar of Trog.
  4158 | D:3      | Noticed Bzzz's ghost (amateur SpEn)
  4205 | D:3      | Gained mutation: You are dopey. (Int -2) [potion of mutation]
  4205 | D:3      | Gained mutation: Your spells are a little easier to cast, but a little less powerful. [potion of mutation]
  4205 | D:3      | Gained mutation: You are somewhat resistant to further mutation. [potion of mutation]
  4205 | D:3      | Succumbed to Bzzz's ghost's poison

Vault maps used:
D:1:      elethiomel_arrival_maze
D:2:      grunt_dithmenos_smoke_and_mirrors
D:3:      lemuel_doored_altar, nemelex_deck, first_bread, bloody_trog,
          uniq_robin

Skill      XL: |  1  2  3  4 |
---------------+-------------+-----
Throwing       | 1 |  1.0
Armour         | 1 |  1.1
Axes           | 2 |  2.0
Fighting       | 2 |  2.8
Dodging        | 2 |  2.6
Spellcasting   | 2 3 |  3.0
Translocations | 3 |  3.2

Action                   |  1- 3 |  4- 6 || total
-------------------------+-------+-------++-------
Melee: Hand axe          |   178 |   126 ||   304
Throw: Throwing net      |       |     2 ||     2
 Cast: Teleport Other    |       |     3 ||     3
  Use: Potion            |       |     5 ||     5
 Stab: Sleeping          |     1 |       ||     1
  Eat: Chunk             |     6 |     5 ||    11
